 Dungeon Crawl Stone Soup version 0.26-a0-597-gb535b0901c (webtiles) character file.

Game seed: 283594412395222990

(classic levelgen) 61005 EnegeticOcto the Severer (level 14, -14/132 HPs)
             Began as a Deep Dwarf Fighter on Sept 1, 2020.
             Was the Champion of Makhleb.
             Killed from afar by Mara (39 damage)
             ... with a bolt of fire
             ... on level 4 of the Spider Nest.
             The game lasted 00:12:20 (14182 turns).

EnegeticOcto the Severer (Deep Dwarf Fighter)      Turns: 14182, Time: 00:12:20

Health: -14/132    AC: 35    Str: 24    XL:     14   Next: 59%
Magic:  16/16      EV:  4    Int: 10    God:    Makhleb [******]
Gold:   1513       SH: 19    Dex: 12    Spells: 13/13 levels left

rFire    . . .     SeeInvis .   D - +1 war axe (flame)
rCold    . . .     Faith    .   c - +1 kite shield
rNeg     + . .     Spirit   .   G - +1 crystal plate armour
rPois    +         Reflect  +   H - +2 hat
rElec    .         Harm     .   P - +2 cloak
rCorr    .                      e - +2 pair of gloves
MR       ++...                  I - +2 pair of boots
Stlth    ..........             p - amulet of reflection
HPRegen  0.00/turn              b - ring of poison resistance
MPRegen  0.15/turn              j - +4 ring of slaying

@: non-regenerating
A: damage resistance, heal wounds, negative energy resistance 1, sense
surroundings 2, no regeneration
a: Heal Wounds, Minor Destruction, Lesser Servant of Makhleb, Major Destruction,
Greater Servant of Makhleb, Renounce Religion


You were on level 4 of the Spider Nest.
You worshipped Makhleb.
Makhleb was exalted by your worship.
You visited 4 branches of the dungeon, and saw 22 of its levels.
You also visited: Ossuary, Bailey and Gauntlet.

You collected 1857 gold pieces.
You spent 344 gold pieces at shops.

Inventory:

Hand Weapons
 a - a +0 broad axe
 D - a +1 war axe of flaming (weapon)
Missiles
 x - 4 throwing nets (quivered)
Armour
 c - a +1 kite shield (worn)
 e - a +2 pair of gloves (worn)
 B - +0 storm dragon scales
 G - a +1 crystal plate armour (worn)
 H - a +2 hat (worn)
 I - a +2 pair of boots (worn)
 P - a +2 cloak (worn)
Jewellery
 b - a ring of poison resistance (left hand)
 j - a +4 ring of slaying (right hand)
 p - an amulet of reflection (around neck)
Wands
 r - a wand of iceblast (5) {@v2}
 y - a wand of digging (8) {@v3}
 z - a wand of acid (13) {@v1}
 E - a wand of paralysis (22)
 L - a wand of disintegration (16)
Scrolls
 f - a scroll of identify {@r1}
 h - 2 scrolls of fear
 i - 5 scrolls of blinking
 k - 4 scrolls of fog
 l - 3 scrolls of teleportation {@r3}
 n - 10 scrolls of remove curse {@r2}
 C - a scroll of immolation {@r4}
 F - a scroll of silence
 K - a scroll of magic mapping {@r5}
 N - 4 scrolls of enchant weapon
Potions
 d - 3 potions of might {@q3}
 g - 5 potions of heal wounds {@q2}
 m - 6 potions of stabbing {@q5}
 o - 8 potions of mutation
 q - 2 potions of magic
 s - 3 potions of cancellation
 t - 2 potions of lignification {@q7}
 u - 5 potions of curing {@q1}
 v - 3 potions of berserk rage
 w - 8 potions of flight
 A - 2 potions of resistance {@q6}
 J - a potion of haste {@q4}
 M - a potion of ambrosia


   Skills:
 + Level 10.2 Fighting
 * Level 16.0 Axes
 + Level 12.0 Armour
 + Level 12.1 Shields
 + Level 13.4 Invocations


You had 13 spell levels left.
You didn't know any spells.
Your spell library was empty.

Dungeon Overview and Level Annotations

Branches:
Dungeon (12/15)            Temple (0/1) D:4            Lair (4/6) D:10
  Swamp (0/4) Lair:2       Spider (4/4) Lair:3          Orc (2/2) D:11
    Elf (0/3) Orc:2       Ossuary (visited)          Bailey (visited)
Gauntlet (visited)

Altars:
Ashenzari
Dithmenos
Elyvilon
Makhleb
Nemelex Xobeh
Qazlal
Sif Muna
Trog
Wu Jian
Xom
Yredelemnul
Beogh

Shops:
D:6 [   D:7 ?   Orc:1 *   Orc:2 [(((

Portals:
Trove: D:12 (give +5 demon blade)

Annotations:
D:6 exclusion: door
Lair:3 exclusion: oklob plant
Spider:4 Mara


Innate Abilities, Weirdness & Mutations

You are resistant to damage.
You can heal yourself by infusing magical energy.
You resist negative energy. (rN+)
You passively map the area around you.
You do not regenerate.


Message History

Mara hits you with a +3 demon whip of electrocution.
Your crystal plate armour prevents you from hitting the jumping spider.
The jumping spider is heavily wounded.
You barely miss the jumping spider. You closely miss Mara.
You block the jumping spider's attack. x3
The jumping spider bites you but does no damage.
Mara gestures at you. You resist with some effort.
Your green death hits Mara.
The orb of destruction hits you!! Mara hits you but does no damage.
You hear an angry hiss.
You hit the jumping spider. You burn the jumping spider.
The jumping spider is heavily wounded.
You hit Mara but do no damage. You closely miss the jumping spider.
The jumping spider pounces on you! You block the jumping spider's attack.
The jumping spider pounces on you but does no damage.
The jumping spider bites you but does no damage.
Something pounces on your hellwing.
Something completely misses your hellwing.
Your hellwing hits the jumping spider! Your hellwing hits the jumping spider.
You block Mara's attack.
Mara drinks a potion.
Mara seems to speed up.
You closely miss the jumping spider.
The jumping spider is heavily wounded.
You completely miss Mara. You hit Mara. You slash the jumping spider!
You burn the jumping spider.
You block the jumping spider's attack. x2
The jumping spider pounces on you.
The jumping spider bites you but does no damage.
Your green death hits Mara!
Your hellwing swoops through the air toward the jumping spider!
Your hellwing completely misses the jumping spider.
Your hellwing closely misses the jumping spider.
Mara hits you with a +3 demon whip of electrocution!
The jumping spider leaps! x2; You block the jumping spider's attack.
The jumping spider bites you but does no damage.
Mara blinks!
You slash the jumping spider! You burn the jumping spider.
The jumping spider is almost dead.
You closely miss Mara. Mara hits you but does no damage.
You are electrocuted!
Your hellwing hits Mara.
Your hellwing hits Mara but does no damage.
The jumping spider leaps!
You block the jumping spider's attack. The jumping spider barely misses you.
You hit the jumping spider. You burn the jumping spider.
You kill the jumping spider!
Makhleb accepts your kill.
You feel better.
You hit Mara but do no damage.
You hit EnegeticOcto's illusion but do no damage.
You block Mara's attack. EnegeticOcto's illusion hits you!
EnegeticOcto's illusion burns you.
An orb spider comes into view.
The jumping spider leaps! x2
You slice Mara!! You burn Mara.
Mara is heavily wounded.
You hit EnegeticOcto's illusion. You burn EnegeticOcto's illusion.
You block Mara's attack.
Your hellwing hits Mara but does no damage.
Your hellwing misses Mara.
The orb spider spins a strand of pure energy.
You block EnegeticOcto's illusion's attack.
Your green death gestures at Mara.
The bolt of poison hits Mara.
You hit Mara.
Mara is heavily wounded.
You hit EnegeticOcto's illusion but do no damage.
You block Mara's attack.
Mara weaves an illusion.
Mara gestures at you. Pain shoots through your body!
Your hellwing hits Mara. Your hellwing misses Mara.
A redback comes into view.
You slice Mara!!
You kill Mara!
You hit EnegeticOcto's illusion but do no damage.
Mara gestures at you. The bolt of fire hits you!!!
* * * LOW HITPOINT WARNING * * *
Mara calls, "Stop!
In seven days from now the wheel of empire will appear!"
Mara drinks a potion.
Mara seems to speed up.
You block EnegeticOcto's illusion's attack.
Your green death gestures at Mara.
Something pounces on your green death! Something bites your green death.
Your green death dies!
The jumping spider leaps!
You are too injured to fight recklessly!
You are too injured to fight recklessly!
You are too injured to fight recklessly!
You are too injured to fight recklessly!
You are too injured to fight recklessly!
You are too injured to fight recklessly!
You are too injured to fight recklessly!
You are too injured to fight recklessly!
Mara weaves an illusion.
Mara shimmers and seems to become two!
The orb spider is engulfed in poison gas.
The orb spider is poisoned.
The jumping spider is engulfed in poison gas.
The jumping spider looks even sicker.
The orb spider weaves a glowing orb of energy.
Mara gestures at you.
The bolt of fire hits Mara.
Mara resists.
The bolt of fire hits you!!!
You die...

,, , , * , , ,
##..... .## ,
* ,
#.#....#..#
^,,, *
#^.#.....^## ,
, , ^,
....#.#^..^
**, , *
..#☼§§s... * #
, , #.○§R§.^*
##.s, , ,
#..s§°.##s....
, , *
#...#@^*.....
** * ^,,
#.:@..#....* ,
, ,,
....R.#4..°.#
#,, , ^
.##R^..s.##.#,
, , * * ,
..^#?...., ..
, **
..^##.##.^#
,.^ , , , *
###*#. ... .,
* * * ## ^...
^ , ##... ,


You could see 3 Maras, 4 orb spiders, a jumping spider (very poisoned),
EnegeticOcto's illusion and a friendly hellwing (summoned).

Vanquished Creatures
  An orc warlord (Orc:2)
  2 entropy weavers (Spider:2)
  A minotaur (Gauntlet)
  Snorg (D:12)
  3 hydras
  Harold (Lair:2)
  A catoblepas (Lair:4)
  2 two-headed ogres
  A death scarab (Gauntlet)
  3 orc high priests
  Urug (Lair:2)
  2 unseen horrors
  4 orc knights
  An ugly thing (D:7)
  8 orb spiders (Spider:2)
  2 cyclopes (D:11)
  8 wolf spiders
  An orc sorcerer (D:11)
  Maurice (D:9)
  Joseph (D:9)
  A black mamba (Lair:1)
  Psyche (D:9)
  A guardian serpent (D:11)
  6 cane toads
  7 komodo dragons
  2 rime drakes (Lair:2)
  5 demonic crawlers
  13 jumping spiders
  2 trolls
  A hornet (D:11)
  2 raiju (Gauntlet)
  A hippogriff (Lair:3)
  19 redbacks
  9 tarantellas
  2 wyverns
  26 yaks
  Grum (D:9)
  4 vampire mosquitoes (Lair:2)
  Menkaure (D:4)
  2 steam dragons (Gauntlet)
  5 water moccasins
  3 wargs
  5 porcupines
  40 orc warriors
  4 ice beasts
  A spectral torpor snail (Gauntlet)
  5 sky beasts
  A black bear (D:12)
  8 ogres
  2 necrophages (D:8)
  2 phantoms
  12 wolves
  13 centaurs
  5 crocodiles
  A big kobold (D:7)
  24 bullfrogs
  An elf zombie (D:6)
  A gnoll sergeant (D:9)
  2 water moccasin zombies (Ossuary)
  A wyvern skeleton (D:7)
  5 scorpions
  13 killer bees
  6 wights
  5 howler monkeys
  A centaur zombie (D:10)
  A bullfrog zombie (D:7)
  A quasit (D:9)
  6 hounds
  5 jellies
  5 centaur skeletons
  13 orc priests
  15 orc wizards
  3 bullfrog skeletons
  A human zombie (D:6)
  An iguana (D:10)
  12 worker ants
  A lightning spire (Gauntlet)
  A hound zombie (D:11)
  2 mummies (Ossuary)
  2 worker ant zombies
  7 gnolls
  9 adders
  5 white imps
  2 oozes
  6 adder zombies
  2 adder skeletons
  3 worms
  3 leopard geckos
  79 orcs
  8 bats
  A giant cockroach (D:1)
  3 gnoll zombies (Ossuary)
  10 goblins
  5 hobgoblins
  15 jackals
  6 quokkas
  4 frilled lizards
  6 hobgoblin zombies (Ossuary)
  A jackal skeleton (D:4)
  24 kobolds
  3 kobold zombies (Ossuary)
  2 leopard gecko zombies (D:5)
  10 orc zombies (Ossuary)
  A rat (D:3)
601 creatures vanquished.

Vanquished Creatures (collateral kills)
  An emperor scorpion (Spider:2)
  An entropy weaver (Spider:1)
  An orc sorcerer (Orc:2)
  A demonic crawler (Spider:2)
  A jumping spider (Spider:4)
  A tarantella (Spider:2)
  4 orc warriors (Orc:2)
  An orc priest (Orc:2)
  An orc wizard (Orc:2)
  7 orcs (Orc:2)
19 creatures vanquished.

Vanquished Creatures (others)
  An orc wizard (Orc:1)
  2 fungi (Lair:2)
  13 plants
16 creatures vanquished.

Grand Total: 636 creatures vanquished

Notes
Turn   | Place    | Note
-------+----------+-------------------------------------------
     0 | D:1      | EnegeticOcto the Deep Dwarf Fighter began the quest for the
                  | Orb.
     0 | D:1      | Reached XP level 1. HP: 20/20 MP: 1/1
   288 | D:1      | Reached XP level 2. HP: 27/27 MP: 2/2
   420 | D:2      | Found a stormy altar of Qazlal.
   444 | D:2      | Reached skill level 3 in Axes
   451 | D:2      | Reached XP level 3. HP: 31/33 MP: 3/3
   469 | D:2      | Found a burning altar of Makhleb.
   471 | D:2      | Noticed an Executioner
   475 | D:2      | Noticed a ynoxinul
   475 | D:2      | Noticed a neqoxec
   477 | D:2      | Became a worshipper of Makhleb the Destroyer
   871 | D:3      | Reached skill level 1 in Invocations
   964 | D:3      | Reached XP level 4. HP: 35/42 MP: 4/4
  1033 | D:3      | Reached * piety under Makhleb
  1176 | D:3      | Found a shimmering blue altar of Sif Muna.
  1176 | D:3      | Found a bloodstained altar of Trog.
  1436 | D:4      | Found a staircase to the Ecumenical Temple.
  1495 | D:4      | Reached XP level 5. HP: 40/49 MP: 6/6
  1508 | D:4      | Reached skill level 4 in Axes
  1565 | D:4      | Noticed Menkaure
  1582 | D:4      | Killed Menkaure
  1582 | D:4      | Reached XP level 6. HP: 40/56 MP: 7/7
  1855 | D:5      | Entered Level 5 of the Dungeon
  1858 | D:5      | Noticed an ice beast
  1859 | D:5      | Found a shadowy altar of Dithmenos.
  1865 | D:5      | Killed an ice beast
  1995 | D:5      | Reached skill level 5 in Axes
  2043 | D:5      | Reached XP level 7. HP: 50/63 MP: 8/8
  2051 | D:5      | Found a shattered altar of Ashenzari.
  2160 | D:5      | Reached skill level 5 in Shields
  2182 | D:5      | Reached skill level 5 in Armour
  2444 | D:5      | Reached skill level 6 in Axes
  2686 | D:6      | Reached XP level 8. HP: 68/73 MP: 9/9
  2800 | D:6      | Found a sand-covered staircase.
  2817 | Ossuary  | Entered an ossuary
  2823 | Ossuary  | Reached ** piety under Makhleb
  3170 | D:6      | Reached skill level 7 in Axes
  3170 | D:6      | Reached skill level 5 in Invocations
  3273 | D:6      | Found Hampisho's Antique Armour Boutique.
  3711 | D:6      | Reached *** piety under Makhleb
  4003 | D:7      | Reached skill level 5 in Fighting
  4013 | D:7      | Gained mutation: You passively map the area around you.
                  | [Deep Dwarf growth]
  4013 | D:7      | Reached XP level 9. HP: 76/81 MP: 10/10
  4020 | D:7      | Reached skill level 8 in Axes
  4094 | D:7      | Found Vaaxit's Magic Scroll Emporium.
  4101 | D:7      | Bought a scroll of blinking for 97 gold pieces
  4583 | D:7      | Reached skill level 9 in Axes
  4611 | D:7      | Noticed a white ugly thing
  4635 | D:7      | Killed a white ugly thing
  4663 | D:7      | Reached XP level 10. HP: 87/91 MP: 9/9
  4676 | D:7      | Reached **** piety under Makhleb
  4906 | D:7      | Found an ornate altar of the Wu Jian Council.
  5567 | D:8      | Found a sparkling altar of Nemelex Xobeh.
  5940 | D:8      | Found a basalt altar of Yredelemnul.
  6025 | D:8      | Reached skill level 10 in Axes
  6103 | D:9      | Noticed Grum
  6129 | D:9      | Killed Grum
  6159 | D:9      | Noticed Joseph
  6160 | D:9      | Noticed Psyche
  6171 | D:9      | Killed Joseph
  6176 | D:9      | Killed Psyche
  6542 | D:9      | Noticed Maurice
  6570 | D:9      | Killed Maurice
  6744 | D:10     | Entered Level 10 of the Dungeon
  6775 | D:10     | Found a flagged portal.
  6803 | Bailey   | Entered a bailey
  6809 | Bailey   | Noticed an orc knight
  6815 | Bailey   | Noticed an orc knight
  6852 | Bailey   | Killed an orc knight
  6852 | Bailey   | Reached skill level 11 in Axes
  6876 | Bailey   | Noticed an orc knight
  6891 | Bailey   | Killed an orc knight
  6891 | Bailey   | Reached ***** piety under Makhleb
  6891 | Bailey   | Reached XP level 11. HP: 99/99 MP: 11/11
  6899 | Bailey   | Killed an orc knight
  7004 | D:10     | Found a staircase to the Lair.
  7418 | D:10     | Killed an unseen horror
  7963 | D:11     | Reached skill level 12 in Axes
  8038 | D:11     | Reached skill level 10 in Invocations
  8055 | D:11     | Found a staircase to the Orcish Mines.
  8472 | D:12     | Noticed Snorg
  8496 | D:12     | Killed Snorg
  8526 | D:12     | Noticed a two-headed ogre
  8541 | D:12     | Killed a two-headed ogre
  8541 | D:12     | Reached XP level 12. HP: 92/110 MP: 13/13
  8557 | D:12     | Found a portal to a secret trove of treasure.
  8620 | D:12     | Found a white marble altar of Elyvilon.
  9057 | Orc:1    | Entered Level 1 of the Orcish Mines
  9319 | Orc:1    | Reached skill level 13 in Axes
  9327 | Orc:1    | Reached ****** piety under Makhleb
  9348 | Orc:1    | Found Ceczuth's Assorted Antiques.
  9400 | Orc:1    | Noticed a two-headed ogre
  9404 | Orc:1    | Noticed an orc high priest
  9410 | Orc:1    | Killed a two-headed ogre
  9436 | Orc:1    | Killed an orc high priest
  9436 | Orc:1    | Reached skill level 10 in Armour
  9436 | Orc:1    | Reached skill level 10 in Shields
  9537 | Orc:2    | Entered Level 2 of the Orcish Mines
  9761 | Orc:2    | Found a staircase to the Elven Halls.
  9769 | Orc:2    | Found a roughly hewn altar of Beogh.
 10201 | Orc:2    | Noticed an orc high priest
 10202 | Orc:2    | Found a roughly hewn altar of Beogh.
 10202 | Orc:2    | Found Hudott's Antique Weapon Shop.
 10228 | Orc:2    | Killed an orc high priest
 10370 | Orc:2    | Found a roughly hewn altar of Beogh.
 10386 | Orc:2    | Found Onges's Weapon Shoppe.
 10451 | Orc:2    | Noticed a blizzard demon
 10462 | Orc:2    | Noticed an orc high priest
 10463 | Orc:2    | Noticed an orc warlord
 10477 | Orc:2    | Killed an orc warlord
 10478 | Orc:2    | Found Teminkes's Antique Weapon Emporium.
 10478 | Orc:2    | Found a roughly hewn altar of Beogh.
 10490 | Orc:2    | Killed an orc high priest
 10490 | Orc:2    | Reached XP level 13. HP: 120/120 MP: 14/14
 10506 | Orc:2    | Found Neseakkae's Antique Armour Shoppe.
 10524 | Orc:2    | Bought a pair of glowing boots for 247 gold pieces
 10689 | Lair:1   | Entered Level 1 of the Lair of Beasts
 10697 | Lair:1   | Reached skill level 14 in Axes
 11032 | Lair:2   | Found a staircase to the Swamp.
 11062 | Lair:2   | Found a gate leading to a gauntlet.
 11089 | Gauntlet | Entered a Gauntlet
 11089 | Gauntlet | Found a transporter.
 11089 | Gauntlet | Found a transporter.
 11090 | Gauntlet | Found a transporter.
 11093 | Gauntlet | Found a transporter.
 11093 | Gauntlet | Found a transporter.
 11093 | Gauntlet | Found a transporter.
 11186 | Gauntlet | Found a transporter.
 11210 | Gauntlet | Found a transporter.
 11234 | Gauntlet | Found a transporter.
 11252 | Gauntlet | Got a pair of shimmering boots
 11273 | Gauntlet | Identified the +1 pair of boots "Picsut" {Str+2} (You found
                  | it in a Gauntlet)
 11277 | Gauntlet | Found a transporter.
 11302 | Gauntlet | Noticed a minotaur
 11327 | Gauntlet | Killed a minotaur
 11333 | Gauntlet | Got an encrusted plate armour
 11336 | Lair:2   | Identified the cursed +0 plate armour "Townul" {Str+3
                  | Int-3} (You found it in a Gauntlet)
 11433 | Lair:2   | Noticed Harold
 11449 | Lair:2   | Killed Harold
 11671 | Lair:2   | Noticed Urug
 11684 | Lair:2   | Killed Urug
 12157 | Lair:3   | You fall into a shaft and drop 1 floor!
 12459 | Lair:4   | Reached skill level 15 in Axes
 12577 | Lair:4   | Found a bloodstained altar of Trog.
 12779 | Lair:3   | Found a shimmering altar of Xom.
 12814 | Lair:3   | Found a hole to the Spider Nest.
 13416 | Spider:1 | Entered Level 1 of the Spider Nest
 13439 | Spider:1 | Noticed an entropy weaver
 13451 | Spider:1 | Gained mutation: You resist negative energy. (rN+) [Deep
                  | Dwarf growth]
 13451 | Spider:1 | Reached XP level 14. HP: 123/130 MP: 15/15
 13463 | Spider:1 | Killed an entropy weaver
 13525 | Spider:2 | Noticed an entropy weaver
 13547 | Spider:2 | Killed an entropy weaver
 13798 | Spider:2 | Identified the cursed +1 chain mail of an ice cave {rCorr
                  | Int+5} (You found it on level 2 of the Spider Nest)
 13806 | Spider:2 | Noticed an emperor scorpion
 13834 | Spider:2 | Killed an emperor scorpion
 13891 | Spider:2 | Reached skill level 10 in Fighting
 13942 | Spider:2 | Noticed an entropy weaver
 13990 | Spider:2 | Killed an entropy weaver
 14156 | Spider:4 | Entered Level 4 of the Spider Nest
 14160 | Spider:4 | Reached skill level 16 in Axes
 14166 | Spider:4 | Noticed Mara
 14171 | Spider:4 | Noticed EnegeticOcto's illusion
 14182 | Spider:4 | Killed from afar by Mara

Illustrated notes

Levels and vault maps discovered:
D:1:      kilobyte_arrival_exit_the_forest, layout_basic,
          minmay_strange_pillars, hangedman_decor_clover_reticule
D:2:      layout_rooms, makhleb_altar_promises_db, grunt_qazlal_sundering
D:3:      layout_loops_ring, gammafunk_temple_overflow_elements
D:4:      layout_basic, minmay_temple_entry_glass, uniq_menkaure
D:5:      layout_basic, basic_altar, ashenzari_altar_1
D:6:      layout_layer_cave, nicolae_ossuary_entry_catacombs, serial_shops,
          nicolae_shop_competitors_out_of_business
D:7:      minmay_the_grid_triangle_9x9_rhombus_full
          [minmay_the_grid_triangle_9x9_dagger,
          minmay_the_grid_triangle_9x9_from_above,
          minmay_the_grid_triangle_9x9_longest,
          minmay_the_grid_triangle_9x9_negative_grid,
          minmay_the_grid_triangle_9x9_zippers_horizontal,
          minmay_the_grid_triangle_9x9_alien,
          minmay_the_grid_triangle_9x9_swiss_cheese,
          minmay_the_grid_triangle_9x9_prize_top_heavy], layout_loops_cross,
          kennysheep_little_box, serial_shops, shop_fountains
D:8:      layout_layer_cave, nicolae_overflow_hidden_temple
D:9:      layout_irregular_city, chequers_serial_rivers_marsh, uniq_grum,
          uniq_joseph, uniq_psyche, uniq_maurice
D:10:     layout_roguey, david_lair_shrubbed, enter_bailey_2
D:11:     layout_loops_corners, orc_0_dummy, nrook_guardian_serpent_double
D:12:     layout_basic, enter_trove_1, nrook_mini_backslash, elyvilon_altar_3,
          uniq_snorg
Lair:1:   layout_cellular_growth
Lair:2:   layout_cave_pods, minmay_swamp_entry_swarm, gauntlet_entry_generic,
          cheibrodos_lair_reptile_den, grunt_megastairs_5, serial_bayou_shore_b,
          uniq_urug, uniq_harold
Lair:3:   layout_chaotic_city, spider_nest_entry_a, basic_altar,
          serial_bayou_shore_b
Lair:4:   layout_big_grid, basic_altar
Spider:1: layout_spider_delve, zaba_antful_of_joy, uniq_josephine, uniq_kirke
Spider:2: cheibrodos_spider_deadly_dance
Spider:3: layout_spider_delve, spiders_nest_hornet_nest, uniq_arachne,
          uniq_jorgrun
Spider:4: spider_rune_water, uniq_mara
Orc:1:    layout_diamond_mine, serial_shops, shop
Orc:2:    grunt_orc_community_town_hall, layout_caves,
          grunt_orc_community_big_house_1, grunt_orc_community_big_house_1,
          grunt_orc_community_house_3, grunt_orc_community_house_1,
          grunt_orc_community_house_2, grunt_orc_community_house_3,
          grunt_orc_community_house_3, grunt_orc_community_house_1

Skill      XL: |  1  2  3  4  5  6  7  8  9 10 11 12 13 14 |
---------------+-------------------------------------------+-----
Axes           | 3 4 5 6 7 9 11 12 13 15 16 | 16.0
Fighting       | 3 4 5 6 7 8 9 10 | 10.2
Invocations    | 1 2 3 4 5 7 9 10 11 12 13 | 13.4
Armour         | 4 5 6 7 8 9 10 11 12 | 12.0
Shields        | 4 5 6 7 8 9 10 11 12 | 12.1

Action                   |  1- 3 |  4- 6 |  7- 9 | 10-12 | 13-15 || total
-------------------------+-------+-------+-------+-------+-------++-------
Melee: War axe           |    86 |   128 |   458 |   415 |   639 ||  1726
       Broad axe         |       |       |       |   360 |       ||   360
Invok: Lesser Servant of |       |       |       |     4 |    10 ||    14
       Greater Servant o |       |       |       |     2 |     1 ||     3
 Abil: Heal Wounds       |       |     4 |    20 |    10 |     6 ||    40
Evoke: Wand              |       |       |     2 |    13 |       ||    15
  Use: Scroll            |       |       |    14 |    10 |     9 ||    33
       Potion            |       |       |       |     1 |       ||     1
 Stab: Distracted        |       |       |       |     3 |     6 ||     9
       Held in net/web   |       |       |       |       |     1 ||     1
       Petrified         |       |       |       |       |     1 ||     1
Armor: Scale mail        |    52 |    24 |       |       |       ||    76
       Chain mail        |       |    50 |       |       |       ||    50
       Plate armour      |       |    16 |   306 |     5 |       ||   327
       Storm dragon scal |       |       |       |    92 |     3 ||    95
       Crystal plate arm |       |       |       |   372 |   469 ||   841
Dodge: Dodged            |    25 |    31 |    98 |   103 |    73 ||   330
Block: Kite shield       |    49 |    72 |   289 |   752 |   669 ||  1831
       Reflection        |       |       |       |    47 |     1 ||    48

Table legend: (Time is in decaauts)
 A = Elapsed time spent in this place.
 B = Non-inter-level travel time spent in this place.
 C = Inter-level travel time spent in this place.
 D = Time resting spent in this place.
 E = Time spent auto-exploring this place.
 F = Levels seen in this place.
 G = Mean time per level.
                   A        B        C        D        E       F      G
               +--------+--------+--------+--------+--------+-----+--------+
         Total |  14236 |  13446 |    790 |    354 |   9198 |  25 |  569.4 |
       Dungeon |   9128 |   8626 |    502 |    200 |   6332 |  12 |  760.7 |
          Lair |   2434 |   2252 |    182 |      0 |   1848 |   4 |  608.5 |
   Spider Nest |    695 |    650 |     45 |    154 |    103 |   4 |  173.8 |
  Orcish Mines |   1328 |   1268 |     60 |      0 |    799 |   2 |  664.0 |
       Ossuary |    209 |    209 |      0 |      0 |     73 |   1 |  209.0 |
        Bailey |    192 |    192 |      0 |      0 |      1 |   1 |  192.0 |
      Gauntlet |    247 |    247 |      0 |      0 |     42 |   1 |  247.0 |
               +--------+--------+--------+--------+--------+-----+--------+

Top non-repeatable levels by time:
     D:6: 1203 daAuts
    D:11: 1178 daAuts
     D:7: 1078 daAuts
   Orc:2: 1052 daAuts
     D:8: 1009 daAuts
  Lair:2: 967 daAuts
  Lair:3: 793 daAuts
     D:5: 792 daAuts
     D:9: 700 daAuts
     D:3: 669 daAuts
    D:10: 660 daAuts
  Lair:4: 583 daAuts
    D:12: 574 daAuts
     D:4: 481 daAuts
     D:2: 460 daAuts
